Map: Ruins of Seras

Players

Iris

  • Race: Terran Terran
  • League: Grandmaster

Chernobog - Winner!

  • Race: Terran Terran
  • League: Gold

VOD

Have the link to the VOD?

Description

Time

  • Played on: Oct. 29, 2015, 2:21 p.m.
  • Length: 22:27
Show
View Real Time Build Order
Export as new Build Order

Iris Terran 

Build Orders: Mech 

Get SALT Encoding   

  12  0:02  SCV  
  13  0:14  SCV  
  13  0:18  Supply Depot  
  14  0:28  SCV  
  15  0:40  SCV  
  16  0:46  Refinery  
  16  0:52  SCV  
  16  0:55  Barracks  
  17  1:04  SCV  
  18  1:16  SCV  
  19  1:30  SCV  
  20  1:43  Orbital Command  
  20  1:49  Marine  
  21  1:55  Command Center  
  21  2:03  Factory  
  20  2:11  Supply Depot  
  20  2:13  SCV  
  21  2:19  Barracks Reactor  
  21  2:26  SCV  
  22  2:39  SCV  
  24  2:51  SCV  
  24  2:54  Refinery  
  24  3:04  SCV  
  29  3:05  Hellion  
  29  3:06  Hellion, Barracks Tech Lab  
  29  3:15  Supply Depot  
  29  3:18  Engineering Bay  
  29  3:22  SCV  
  30  3:33  Siege Tank  
  33  3:38  Starport  
  33  3:39  Orbital Command  
  33  3:54  Supply Depot  
  33  3:56  SCV  
  33  4:02  Missile Turret  
  34  4:05  Liberator  
  34  4:08  SCV  
  34  4:09  SCV  
  36  4:14  Missile Turret  
  36  4:20  SCV  
  36  4:21  SCV  
  41  4:33  SCV  
  41  4:35  Hellion, Infernal Pre-Igniter  
  41  4:37  SCV  
  45  4:42  Refinery  
  45  4:45  SCV  
  46  4:49  SCV  
  47  4:53  Armory  
  47  4:56  Missile Turret  
  47  4:57  SCV, Liberator  
  48  5:01  SCV  
  48  5:04  Hellion  
  51  5:20  Liberator  
  54  5:35  SCV x2  
  56  5:41  Command Center  
  59  5:47  SCV x2  
  59  5:48  Terran Vehicle Weapons Level 1  
  61  5:56  Mag-Field Accelerator  
  61  6:00  SCV  
  61  6:03  Missile Turret  
  62  6:12  Supply Depot x2  
  62  6:14  SCV  
  62  6:15  Hellion  
  65  6:25  SCV  
  66  6:29  Supply Depot x2, Missile Turret  
  66  6:33  SCV  
  66  6:35  Fusion Core  
  66  6:37  Starport Tech Lab  
  67  6:42  Cyclone  
  67  6:46  SCV  
  67  6:47  SCV  
  72  6:54  Refinery  
  72  7:03  Liberator  
  72  7:06  Missile Turret  
  72  7:09  Missile Turret  
  72  7:10  Barracks  
  75  7:23  Factory  
  75  7:24  Factory  
  75  7:29  Missile Turret  
  71  7:47  Orbital Command  
  71  7:52  Missile Turret  
  71  7:54  Cyclone  
  70  8:00  Terran Vehicle Weapons Level 2  
  70  8:02  Liberator  
  59  8:13  SCV x2  
  61  8:32  SCV  
  60  8:35  Factory Tech Lab, Refinery x2, Starport  
  60  8:36  SCV x2, Missile Turret  
  60  8:38  Missile Turret x2  
  62  8:44  Missile Turret  
  62  8:46  SCV, Sensor Tower  
  62  8:47  Missile Turret  
  62  8:48  SCV  
  63  9:06  Missile Turret  
  63  9:08  Missile Turret x2  
  63  9:09  Missile Turret  
  63  9:10  SCV x3  
  66  9:22  SCV x2  
  68  9:24  Drilling Claws  
  68  9:26  Hellion x2  
  68  9:27  Siege Tank x2  
  68  9:30  SCV  
  79  9:32  Building Armor  
  79  9:34  SCV  
  79  9:37  Liberator  
  80  9:39  Starport Reactor  
  80  9:40  SCV  
  80  9:42  SCV  
  80  9:45  Orbital Command x2  
  81  9:53  SCV x2  
  52  10:19  Command Center  
  52  10:20  Liberator  
  51  10:21  Missile Turret  
  51  10:22  Viking  
  51  10:27  Cyclone  
  57  10:28  Hellion  
  57  10:29  SCV x2  
  63  10:35  Hellion x2  
  63  10:41  SCV  
  67  10:46  SCV  
  68  10:53  SCV  
  69  11:00  Cyclone x2  
  75  11:05  Liberator x2  
  75  11:06  SCV  
  75  11:07  SCV  
  77  11:19  SCV  
  77  11:24  SCV  
  83  11:31  SCV  
  83  11:32  Hellion x2  
  88  11:37  SCV  
  89  11:43  SCV  
  90  11:52  Command Center  
  83  12:20  Planetary Fortress, Missile Turret  
  83  12:21  Missile Turret  
  84  12:22  SCV  
  84  12:23  SCV  
  85  12:42  Missile Turret x2  
  85  12:44  Refinery, Missile Turret  
  85  12:45  Refinery  
  85  12:52  Supply Depot  
  85  12:54  Supply Depot  
  78  13:04  SCV x2  
  78  13:05  SCV  
  63  13:09  Siege Tank x2  
  66  13:16  SCV  
  64  13:21  Liberator x2  
  64  13:22  Missile Turret  
  64  13:37  Hellion  
  64  13:38  Hellion  
  64  13:41  Cyclone x2, Raven  
  80  13:45  Supply Depot  
  80  13:46  SCV  
  83  13:49  SCV  
  83  13:55  Orbital Command  
  84  13:57  SCV  
  84  13:58  SCV  
  86  14:03  Liberator  
  86  14:04  Liberator  
  86  14:09  Supply Depot  
  86  14:11  SCV  
  86  14:12  Liberator  
  84  14:25  Missile Turret  
  84  14:27  Supply Depot  
  84  14:28  Supply Depot  
  81  14:46  Liberator  
  76  14:54  Missile Turret  
  79  15:08  SCV x3  
  82  15:15  Orbital Command  
  82  15:20  SCV  
  83  15:22  Missile Turret  
  83  15:27  Sensor Tower  
  83  15:28  SCV, Missile Turret x2  
  83  15:29  SCV  
  83  15:32  SCV  
  74  16:00  Hellion x2  
  74  16:01  Hellion x2  
  74  16:03  SCV x2  
  76  16:10  SCV  
  68  16:15  SCV x2, Liberator x2  
  67  16:21  Hellion x2, Refinery  
  67  16:22  SCV, Siege Tank  
  75  16:27  SCV  
  82  16:34  SCV  
  83  16:41  Refinery  
  83  16:53  Orbital Command  
  83  16:54  Cyclone x2  
  83  16:59  Missile Turret  
  89  17:08  Missile Turret  
  89  17:09  Missile Turret  
  89  17:12  SCV x2  
  91  17:16  Missile Turret  
  91  17:25  Liberator x3  
  90  17:32  SCV x2  
  90  17:35  Missile Turret  
  101  17:50  SCV x2  
  101  17:51  SCV  
  104  17:52  Siege Tank x2  
  104  17:57  Missile Turret  
  89  18:07  Liberator  
  89  18:09  Hellion x2  
  89  18:12  Refinery  
  90  18:14  SCV x3, Refinery  
  92  18:28  SCV, Liberator  
  92  18:30  Cyclone x2  
  99  18:40  SCV  
  100  18:41  SCV  
  100  18:42  SCV  
  105  18:48  Missile Turret  
  105  18:52  SCV  
  105  18:54  SCV  
  105  19:02  Siege Tank x2  
  101  19:06  SCV x3  
  104  19:16  Missile Turret  
  91  19:26  Liberator x2  
  85  19:32  SCV x3  
  85  19:36  Command Center  
  88  19:41  Siege Tank x2  
  88  19:42  Widow Mine x2  
  104  19:46  Command Center  
  104  19:48  SCV x2  
  104  19:49  Liberator  
  105  20:09  Liberator  
  105  20:20  SCV x3  
  108  20:21  Command Center  
  111  20:28  Cyclone  
  111  20:32  SCV  
  111  20:33  Missile Turret  
  106  20:47  Orbital Command, Liberator x2  
  96  20:52  Liberator  
  78  21:09  SCV x3  
  73  21:21  Hellion  
  75  21:32  Refinery, Orbital Command  
  75  21:33  Refinery  
  75  21:35  Orbital Command  
  75  21:47  Refinery  
  78  21:48  SCV x2  
Show
View Real Time Build Order
Export as new Build Order

Chernobog Terran - Winner!

Build Orders: Reaper Expand, Bio Tank, MMM Bio 

Get SALT Encoding   

  12  0:01  SCV  
  13  0:16  Supply Depot  
  13  0:18  SCV  
  14  0:30  SCV  
  14  0:33  Refinery  
  15  0:41  Barracks  
  15  0:45  SCV  
  16  0:57  SCV  
  17  1:09  SCV  
  18  1:22  SCV  
  19  1:31  Reaper  
  20  1:36  Orbital Command  
  20  1:49  Command Center  
  20  2:01  Factory  
  20  2:04  SCV  
  21  2:18  SCV  
  22  2:25  Barracks  
  22  2:30  SCV  
  22  2:32  Refinery  
  23  2:47  Barracks Reactor  
  23  2:49  Supply Depot  
  23  2:51  Supply Depot  
  23  3:01  SCV, Orbital Command  
  23  3:04  Factory Tech Lab  
  24  3:13  SCV  
  25  3:24  Starport  
  25  3:25  SCV  
  25  3:26  Siege Tank  
  29  3:27  Marine x2  
  29  3:30  Barracks Tech Lab  
  29  3:33  SCV  
  32  3:50  SCV x2  
  33  4:02  SCV  
  34  4:10  SCV  
  34  4:14  SCV  
  34  4:16  Combat Shields  
  36  4:19  Viking x2  
  36  4:22  SCV  
  41  4:25  Barracks Reactor  
  41  4:26  SCV  
  42  4:31  Command Center  
  42  4:34  SCV, Barracks  
  42  4:36  Barracks  
  42  4:38  SCV  
  44  4:40  Refinery  
  44  4:41  Refinery  
  44  4:46  SCV  
  45  4:56  SCV  
  45  4:58  Viking  
  45  4:59  Viking  
  50  5:05  Marine  
  50  5:06  Marine x2  
  53  5:23  Marine  
  54  5:30  Bunker  
  54  5:35  Stimpack  
  54  5:38  Siege Tank, Marine x4  
  61  5:42  Medivac  
  61  5:43  Medivac  
  61  5:45  Orbital Command  
  61  5:47  Marine  
  66  5:53  Barracks  
  66  5:54  Supply Depot, Barracks  
  66  5:55  Supply Depot  
  66  5:56  Marine x2  
  68  6:03  Marine  
  68  6:04  Marauder  
  71  6:05  Marine  
  72  6:13  Supply Depot  
  72  6:22  Marine  
  72  6:23  Marine  
  72  6:24  Barracks Reactor  
  72  6:25  Barracks Reactor  
  74  6:30  Engineering Bay  
  74  6:31  SCV  
  74  6:32  Engineering Bay  
  75  6:35  Marine  
  76  6:42  Marine x2  
  78  6:49  Barracks Reactor  
  78  6:50  Barracks Reactor  
  78  6:53  Marauder  
  80  7:00  Terran Infantry Armor Level 1, Marine x2  
  82  7:05  Terran Infantry Weapons Level 1  
  82  7:14  SCV x2, Marine  
  82  7:15  SCV  
  86  7:26  SCV  
  87  7:39  Marine x2  
  87  7:40  Marauder, Marine x3  
  94  7:49  Marine x2  
  94  7:50  Marine x3  
  99  7:57  Marine x2  
  101  8:01  Marauder  
  101  8:02  Marine x2  
  101  8:03  Marine  
  101  8:07  Marine x2  
  101  8:09  Marine  
  101  8:10  Marine  
  101  8:13  Marine  
  101  8:16  Marine x2  
  101  8:30  SCV, Marine  
  101  8:42  Marauder, SCV x2, Medivac x2, Siege Tank, Marine  
  101  8:45  Supply Depot  
  113  8:51  SCV  
  113  8:54  SCV  
  115  9:00  Marine x2  
  117  9:07  Marine x3  
  117  9:08  Supply Depot  
  122  9:11  Supply Depot, Orbital Command  
  122  9:12  Viking  
  122  9:13  Marine  
  122  9:15  Viking  
  125  9:29  SCV x2, Marine x4  
  125  9:30  Marauder  
  133  9:38  Siege Tank  
  136  9:39  Marine  
  136  9:40  Marine  
  136  9:41  SCV, Marine  
  136  9:42  Medivac  
  136  9:45  Medivac  
  137  10:04  Marine x3  
  137  10:05  Marauder, Marine x7  
  145  10:10  Siege Tank  
  139  10:19  Medivac x2  
  138  10:21  Marine  
  138  10:22  Marine x3  
  138  10:23  Marine  
  138  10:26  Marine, Marauder  
  138  10:27  Marine x2  
  137  10:31  SCV x2  
  137  10:32  SCV  
  140  10:35  Marine  
  140  10:36  Marine  
  140  10:40  Marine x2  
  144  10:45  Marine  
  144  10:46  Marine x4  
  149  11:09  Command Center  
  149  11:25  Liberator x2  
  149  11:34  Supply Depot, Marine x6  
  149  11:35  Supply Depot, Marauder  
  157  11:42  Marine x2  
  165  11:56  SCV x2, Marine x7  
  166  12:09  Marine x2  
  166  12:10  Marauder, Marine  
  166  12:14  Marine x4  
  175  12:25  Liberator  
  175  12:28  SCV x2  
  175  12:29  Liberator, Orbital Command  
  177  12:31  Marauder  
  177  12:35  Command Center, Missile Turret  
  177  12:36  Missile Turret, Marine x2  
  177  12:37  Marine x6  
  181  12:39  Missile Turret  
  193  12:53  Armory, Marauder  
  170  13:09  Marine x2  
  170  13:10  Marine x3  
  159  13:14  Marauder  
  159  13:15  Marine x3  
  159  13:16  Marine x2  
  165  13:24  Factory  
  165  13:27  Armory  
  165  13:30  Factory, Marine x2  
  165  13:31  Marine  
  165  13:32  Marine x2  
  165  13:33  Marine  
  171  13:35  Marauder  
  171  13:38  Siege Tank  
  176  13:42  Terran Infantry Weapons Level 2  
  176  13:46  Terran Infantry Armor Level 2  
  176  13:52  Starport  
  176  13:53  Planetary Fortress  
  176  13:56  Marine x2  
  176  13:57  Marauder, Marine x2  
  182  14:11  Siege Tank  
  177  14:18  Marauder  
  169  14:35  Marine  
  169  14:36  Marine x5  
  169  14:37  Marine x4  
  170  14:40  Marauder  
  170  14:43  Siege Tank  
  152  14:57  Marine x3  
  152  14:58  Marine x3  
  152  14:59  Marine x4  
  156  15:01  Marauder  
  151  15:15  Marine x4  
  151  15:16  Marine  
  151  15:17  Refinery  
  151  15:18  Factory Tech Lab, Starport Tech Lab  
  151  15:19  Refinery  
  156  15:28  Marine x4  
  157  15:29  Marauder  
  162  15:40  Command Center  
  141  15:47  Marine x2  
  141  15:48  Marine x6  
  141  15:49  Marine x2  
  145  15:50  Marauder  
  145  15:56  Terran Vehicle Weapons Level 1  
  147  16:00  Terran Vehicle And Ship Armor Level 1  
  139  16:05  Marine x3  
  139  16:06  Marine x6  
  134  16:11  Marauder  
  132  16:19  Marine  
  132  16:23  Marine x2  
  132  16:24  Viking  
  132  16:25  Viking  
  139  16:28  Banshee  
  139  16:29  Siege Tank  
  143  16:32  Drilling Claws  
  143  16:36  Siege Tank  
  146  16:42  Command Center  
  146  16:54  Viking  
  146  16:55  Viking  
  146  16:59  Marauder, Marine x2  
  154  17:01  Siege Tank  
  157  17:08  Siege Tank  
  157  17:09  Terran Infantry Weapons Level 3, Terran Infantry Armor Level 3  
  157  17:10  Banshee  
  157  17:13  Orbital Command  
  163  17:22  Marauder, Marine x4  
  168  17:23  Marine x5  
  168  17:24  Marine  
  175  17:33  Siege Tank  
  178  17:39  Marine  
  178  17:40  Siege Tank  
  178  17:44  Marauder  
  184  18:05  Siege Tank, Marauder  
  190  18:12  Siege Tank  
  190  18:29  Marauder, Marine x5  
  190  18:30  Marine x3  
  200  18:37  Refinery  
  200  18:39  Refinery  
  200  18:41  Command Center  
  200  18:42  Command Center  
  187  19:00  Marine  
  149  19:09  Banshee  
  149  19:11  Viking x2  
  149  19:14  Siege Tank  
  149  19:16  Marine x2  
  149  19:17  Marauder, Marine x4  
  158  19:18  Marine  
  155  19:26  Marine x3  
  152  19:34  Marine x3  
  152  19:35  Marine x4  
  153  19:39  Marauder  
  153  19:41  Viking x2  
  153  19:42  Barracks x2  
  153  19:44  Barracks, Marine x3  
  162  19:46  Siege Tank  
  162  19:52  Banshee, Marine x4  
  170  19:53  Marine  
  173  20:00  Marauder  
  173  20:01  Marine x3  
  173  20:02  Marine  
  173  20:03  Terran Vehicle Weapons Level 2  
  173  20:06  Marine  
  180  20:10  Marine x4  
  180  20:11  Viking, Marine  
  187  20:18  Siege Tank, Marine  
  187  20:19  Marine x2  
  187  20:20  Marine  
  194  20:22  Marauder  
  194  20:24  Marine  
  194  20:27  Marine  
  194  20:28  Marine x2  
  191  20:50  Siege Tank  
  191  20:59  Marine  
  191  21:00  Marauder, Marine x3  
  191  21:01  Marine x6  
  168  21:17  Marine  
  168  21:18  Barracks Reactor, Marine x4  
  171  21:19  Barracks Reactor x2  
  171  21:22  Marauder, Marine x5  
  180  21:25  Orbital Command x2  
  180  21:43  Marauder  
  182  21:51  Marine  
  182  21:52  Marine x4  
  182  21:53  Marine x5  
  174  22:00  Marine  
  174  22:01  Marine x4  
  167  22:02  Marine  
  167  22:05  Marauder  
Tags
 
Add a new tag
Caveats
  • Supply blocks, unpowered buildings, or Contaminate may cause inaccurate times.
  • Supply counts are checked every 10 seconds.